 Dungeon Crawl Stone Soup version 0.16-a0-3159-g1b9e691 (webtiles) character file.

20219 Johnny the Sharpshooter (level 13, -6/96 HPs)
             Began as a Human Hunter on Dec 15, 2014.
             Was a High Priest of Okawaru.
             Mangled by a basilisk (8 damage)
             ... on level 3 of the Lair of Beasts.
             The game lasted 00:39:35 (16284 turns).

Johnny the Sharpshooter (Human Hunter)             Turns: 16284, Time: 00:39:35

Health: -6/96      AC:  5    Str: 16    XL:     13   Next: 10%
Magic:  0/13       EV:  2    Int: 12    God:    Okawaru [*****.]
Gold:   331        SH:  0    Dex: 18    Spells: 0 memorised, 12 levels left

rFire  + + +     SeeInvis .     q - +9 triple sword of Day {venom, rPois rF+ rN+}
rCold  + . .     Clarity  .     d - +0 leather armour
rNeg   + + +     SustAb   .     (no shield)
rPois  ∞         Gourm    .     E - -4 hat of Roeneff {rN+ Slay+5 Stlth+} (curse)
rElec  .         Spirit   +     (no cloak)
rCorr  .         Warding  .     l - +2 pair of gloves {Str+3}
rMut   .         Stasis   .     n - +2 pair of boots of Poseic {rC+}
MR     .....                    D - amulet of Beauty {Spirit rF++}
Stlth  +++++.....               u - ring of Soxtiul {+Inv Stlth++}
                                G - ring of poison resistance

@: petrified, not resistant to hostile enchantments, quite stealthy
A: no striking features
a: Heroism, Finesse, Renounce Religion, Evoke Invisibility


You were on level 3 of the Lair of Beasts.
You worshipped Okawaru.
Okawaru was extremely pleased with you.
You were not hungry.

You visited 3 branches of the dungeon, and saw 15 of its levels.

You collected 823 gold pieces.
You spent 492 gold pieces at shops.

Inventory:

Hand weapons
 b - a +7 hand crossbow of flaming
 c - a +1 dire flail of venom
 q - the +9 triple sword of Day (weapon) {venom, rPois rF+ rN+}
   (Okawaru gifted it to you on level 3 of the Lair of Beasts)

   It poisons the flesh of those it strikes.
   It protects you from fire.
   It protects you from poison.
   It protects you from negative energy.
 H - a +3 scimitar of freezing
 T - a +0 flail of draining
 Y - the +4 trident of the Countless Mice {speed, Int+2 Dex+3, unknown}
   (You found it on level 1 of the Lair of Beasts)

   Attacks with this weapon are significantly faster.
   It affects your intelligence (+2).
   It affects your dexterity (+3).
Missiles
 h - 75 bolts of penetration
 Z - 8 bolts of frost
Armour
 d - a +0 leather armour (worn)
 l - a +2 pair of gloves of strength (worn)
 n - the +2 pair of boots of Poseic (worn) {rC+}
   (You found it on level 4 of the Dungeon)

   It protects you from cold.
 E - the cursed -4 hat of Roeneff (worn) {rN+ Slay+5 Stlth+}
   (You bought it in a shop on level 6 of the Dungeon)

   It affects your accuracy and damage with ranged weapons and melee attacks
   (+5).
   It protects you from negative energy.
   It makes you more stealthy.
   It has a curse placed upon it.
 S - a +0 helmet
Jewellery
 u - the ring of Soxtiul (right hand) {+Inv Stlth++}
   (You found it on level 1 of the Lair of Beasts)

   [ring of invisibility]

   It lets you turn invisible.
   It makes you much more stealthy.
 D - the amulet of Beauty (around neck) {Spirit rF++}
   (You found it on level 1 of the Lair of Beasts)

   [amulet of guardian spirit]

   It causes incoming damage to be split between your health and magic.
   It greatly protects you from fire.
 G - a ring of poison resistance (left hand)
 U - an uncursed ring of wizardry
Magical devices
 g - a wand of slowing (31)
 j - a wand of polymorph (8)
 x - a wand of digging (3)
 B - a wand of digging (4)
 N - a wand of draining (0)
 Q - a wand of heal wounds (5)
 V - a wand of fireball (0)
 X - a wand of confusion (29)
Scrolls
 m - 4 scrolls of remove curse
 y - 3 scrolls of amnesia
 z - 2 scrolls of magic mapping
 F - a scroll of fog {unknown}
 L - a scroll of recharging
Potions
 a - a potion of cancellation {unknown}
 e - 2 potions of cure mutation
 i - 2 potions of curing
 k - a potion of restore abilities {unknown}
 o - 2 potions of might
 p - 2 potions of agility {unknown}
 r - 2 potions of mutation {unknown}
 A - 3 potions of berserk rage
 C - 2 potions of ambrosia {unknown}
 M - 3 potions of poison {unknown}
 R - a potion of brilliance {unknown}
Comestibles
 f - 13 bread rations
 s - 3 meat rations


   Skills:
 + Level 7.0 Fighting
 * Level 15.5 Crossbows
 + Level 3.3 Armour
 + Level 11.3 Dodging
 - Level 1.0 Stealth


You had 12 spell levels left.
You didn't know any spells.

Dungeon Overview and Level Annotations

Branches:
Dungeon (11/15)            Temple (1/1) D:5            Lair (3/8) D:11
    Orc (0/4) D:11
  Swamp: Lair:3-6    Shoals: Lair:3-6     Snake: Lair:3-6    Spider: Lair:3-6

Altars:
Ashenzari
Cheibriados
Dithmenos
Elyvilon
Fedhas
Gozag
Makhleb
Nemelex Xobeh
Okawaru
Qazlal
Ru
Sif Muna
Trog
Vehumet
Yredelemnul
Zin
The Shining One

Shops:
D:4 %   D:6 =[%?(   D:7 *   D:8 (   D:10 ?


Message History

The basilisk bites you!
The basilisk bites you but does no damage.
The basilisk bites you!
* * * LOW HITPOINT WARNING * * *
The basilisk bites you but does no damage.
The basilisk gazes at you. The basilisk bites you!
* * * LOW HITPOINT WARNING * * *
The basilisk bites you!
* * * LOW HITPOINT WARNING * * *
The basilisk bites you.
* * * LOW HITPOINT WARNING * * *
The basilisk gazes at you. The basilisk bites you!
* * * LOW HITPOINT WARNING * * *
The basilisk gazes at you.
You barely resist. The basilisk bites you!
* * * LOW HITPOINT WARNING * * *
The basilisk bites you!
You die...

#.≈ ♣..÷.÷......###..##..
##.###.P#†÷#.....#§≈..###.
#..........#.....#≈≈..###.
##.........#.....#≈≈§§††..
##.........#.....#≈§§..###
#..........#.....#≈≈§..###
#..P.............#≈≈≈≈..##
.#.#.............##§§≈##..
#........@8.......##≈≈###.
#..#...8lll..8...<.#≈≈≈ ##
#........8†.......#≈≈§ #
#.P#8....88.....( ##≈≈ §≈
#....8.8.%.8.88.( ##≈≈≈§
#........8....... ####
........88.8...
...888.8..8.. ##....88...


You could see 3 basilisks.

Vanquished Creatures
  Erica (Lair:1)
  A catoblepas (Lair:3)
  2 hill giants (D:10)
  2 black mambas
  2 molten gargoyles (Lair:3)
  Psyche (D:10)
  2 gargoyles
  2 spiny frogs
  6 komodo dragons
  A fire drake (D:11)
  A troll (D:10)
  The ghost of Johnny the Bolt Thrower, an average HuHu (D:4)
  A trapdoor spider (D:10)
  A spriggan (D:7)
  2 deep elf magi (D:10)
  16 yaks
  2 hippogriffs
  A hungry ghost (D:8)
  A wraith (D:11)
  A mottled dragon (D:11)
  3 wolves (Lair:3)
  3 ice beasts
  3 sky beasts
  5 porcupines
  6 orc warriors
  A yellow wasp (D:8)
  A black bear (D:8)
  A necrophage (D:10)
  11 centaurs
  10 crocodiles
  The ghost of Johnny the Bolt Thrower, an average HuHu (D:3)
  4 ogres
  3 phantoms
  A brain worm (D:11)
  A gnoll sergeant (D:8)
  8 big kobolds
  12 giant frogs
  2 scorpions
  An electric eel (Lair:2)
  3 killer bees (D:11)
  8 wights
  3 centaur zombies (D:8)
  6 crimson imps
  A giant frog skeleton (D:8)
  3 giant frog zombies
  4 lava snakes (Lair:3)
  9 hounds
  17 orc wizards
  A gnoll shaman (D:6)
  A quasit (D:9)
  11 orc priests
  3 centaur skeletons
  8 iguanas
  4 worker ants
  A hound zombie (D:6)
  A hound skeleton (D:4)
  37 river rats
  21 gnolls
  2 shadow imps
  16 adders
  A worm (D:3)
  An adder zombie (D:6)
  2 adder skeletons (D:5)
  4 giant geckos
  3 oozes
  46 orcs
  A bat skeleton (D:8)
  13 hobgoblins
  36 kobolds
  4 ball pythons
  18 bats
  4 giant cockroaches
  A giant gecko skeleton (D:5)
  2 giant newts
  A giant spore (D:9)
  10 goblins
  12 jackals
  A jackal skeleton (D:4)
  9 quokkas
  20 rats
  A ballistomycete (D:9)
  A bush (D:8)
475 creatures vanquished.

Notes
Turn   | Place    | Note
--------------------------------------------------------------
     0 | D:1      | Johnny, the Human Hunter, began the quest for the Orb.
     0 | D:1      | Reached XP level 1. HP: 16/16 MP: 1/1
    37 | D:1      | Found a shattered altar of Ashenzari.
   433 | D:1      | Reached XP level 2. HP: 22/22 MP: 2/2
   892 | D:2      | Reached XP level 3. HP: 24/27 MP: 3/3
   996 | D:2      | Reached skill level 1 in Armour
  1423 | D:3      | Noticed Johnny's ghost (average HuHu)
  1877 | D:3      | Reached XP level 4. HP: 33/33 MP: 4/4
  2301 | D:4      | Reached skill level 5 in Crossbows
  2301 | D:4      | Reached XP level 5. HP: 33/39 MP: 5/5
  2335 | D:4      | Noticed Johnny's ghost (average HuHu)
  3006 | D:4      | Got a pair of bloodstained boots
  3017 | D:4      | Identified the +2 pair of boots of Poseic {rC+} (You found it on level 4 of the Dungeon)
  3118 | D:4      | Reached XP level 6. HP: 46/46 MP: 6/6
  3547 | D:5      | Entered Level 5 of the Dungeon
  3650 | D:5      | Found a staircase to the Ecumenical Temple.
  3667 | Temple   | Entered the Ecumenical Temple
  3719 | Temple   | Became a worshipper of Warmaster Okawaru
  3734 | D:5      | Reached skill level 6 in Crossbows
  3762 | D:5      | Reached XP level 7. HP: 51/51 MP: 7/7
  3911 | D:5      | Found a blossoming altar of Fedhas.
  4344 | D:5      | Acquired Okawaru's first power
  4344 | D:5      | Reached skill level 7 in Crossbows
  4407 | D:5      | Reached XP level 8. HP: 35/57 MP: 8/8
  4615 | D:6      | Found Ircheagg's Antique Armour Emporium.
  4619 | D:6      | Bought a translucent hat for 288 gold pieces
  4624 | D:6      | Identified the cursed -4 hat of Roeneff {rN+ Slay+5 Stlth+} (You bought it in a shop on level 6 of the Dungeon)
  4704 | D:6      | Found Qoqaef's Jewellery Shop.
  4793 | D:6      | Reached skill level 5 in Dodging
  4797 | D:6      | Reached skill level 8 in Crossbows
  4931 | D:6      | Found a glowing silver altar of Zin.
  4931 | D:6      | Found a white marble altar of Elyvilon.
  4933 | D:6      | Found a sacrificial altar of Ru.
  4942 | D:6      | Found Loib's Magic Scroll Boutique.
  5015 | D:6      | Found Yghaocw's Antique Weapon Shop.
  5558 | D:6      | Found Klaip's Food Emporium.
  5919 | D:7      | Reached skill level 9 in Crossbows
  5989 | D:7      | Reached XP level 9. HP: 33/62 MP: 9/9
  6286 | D:7      | Found Klamohocw's Assorted Antiques.
  6490 | D:7      | Found a radiant altar of Vehumet.
  6530 | D:7      | Noticed a spriggan baker
  6542 | D:7      | Killed a spriggan baker
  6629 | D:7      | Reached skill level 10 in Crossbows
  7745 | D:8      | Reached XP level 10. HP: 69/69 MP: 10/10
  7757 | D:8      | Reached skill level 11 in Crossbows
  8088 | D:8      | Received a gift from Okawaru
  8481 | D:8      | Reached skill level 12 in Crossbows
  9096 | D:8      | Found Klaonki's Antique Weapon Shoppe.
 10155 | D:6      | Bought a pair of runed gloves for 144 gold pieces
 10345 | D:4      | Found Irchoh's Food Emporium.
 10383 | D:4      | Killed Johnny's ghost
 10383 | D:4      | Reached XP level 11. HP: 65/74 MP: 11/11
 10462 | D:3      | Killed Johnny's ghost
 10648 | D:10     | Entered Level 10 of the Dungeon
 10659 | D:10     | Noticed a hill giant
 10672 | D:10     | Killed a hill giant
 10672 | D:10     | Received a gift from Okawaru
 10672 | D:10     | Reached skill level 13 in Crossbows
 10755 | D:10     | Noticed Psyche
 10762 | D:10     | Killed Psyche
 10788 | D:10     | Acquired Okawaru's second power
 11120 | D:10     | Received a gift from Okawaru
 11563 | D:10     | Found Emiunk's Magic Scroll Boutique.
 11571 | D:10     | Bought a scroll of identify for 30 gold pieces
 11571 | D:10     | Bought a scroll of identify for 30 gold pieces
 11896 | D:10     | Noticed a hill giant
 11900 | D:10     | Killed a hill giant
 11900 | D:10     | Received a gift from Okawaru
 11950 | D:10     | Reached skill level 14 in Crossbows
 11950 | D:10     | Reached skill level 10 in Dodging
 12505 | D:11     | Found a staircase to the Lair.
 12611 | D:11     | Received a gift from Okawaru
 12692 | D:11     | Reached XP level 12. HP: 84/84 MP: 12/12
 12872 | D:11     | Reached skill level 5 in Fighting
 12963 | D:11     | Found a staircase to the Orcish Mines.
 13012 | D:11     | Noticed a centaur warrior
 13373 | Lair:1   | Entered Level 1 of the Lair of Beasts
 13455 | Lair:1   | Got a shimmering trident
 13493 | Lair:1   | Noticed Erica
 13498 | Lair:1   | Killed Erica
 13612 | Lair:1   | Got a transparent iron ring
 13615 | Lair:1   | Identified the ring of Soxtiul {+Inv Stlth++} (You found it on level 1 of the Lair of Beasts)
 13910 | Lair:1   | Received a gift from Okawaru
 13978 | Lair:1   | Reached skill level 15 in Crossbows
 14327 | Lair:1   | Got a heavily runed diamond amulet
 14328 | Lair:1   | Identified the amulet of Beauty {Spirit rF++} (You found it on level 1 of the Lair of Beasts)
 14997 | Lair:2   | Received a gift from Okawaru
 15482 | Lair:2   | Identified a scroll of acquirement
 15925 | Lair:3   | Received a gift from Okawaru
 15926 | Lair:3   | Got a polished triple sword {god gift}
 15941 | Lair:3   | Reached XP level 13. HP: 77/95 MP: 11/13
 16046 | Lair:3   | Noticed a death yak
 16046 | Lair:3   | Noticed a death yak
 16093 | Lair:3   | Noticed a catoblepas
 16121 | Lair:3   | Killed a catoblepas
 16254 | Lair:3   | Identified the +9 triple sword of Day {venom, rPois rF+ rN+} (Okawaru gifted it to you on level 3 of the Lair of Beasts)
 16283 | Lair:3   | HP: 2/96 [basilisk (7)]
 16284 | Lair:3   | Mangled by a basilisk

Action                   |  1- 3 |  4- 6 |  7- 9 | 10-12 | 13-15 || total
-------------------------+-------+-------+-------+-------+-------++-------
Melee: Dire flail        |       |       |    21 |    56 |     5 ||    82
       Flail             |       |       |       |    22 |       ||    22
       Hand crossbow     |       |       |       |     2 |       ||     2
       Triple sword      |       |       |       |       |     4 ||     4
 Fire: Hand crossbow     |    73 |   153 |   333 |   738 |    27 ||  1324
Evoke: Wand              |     1 |     9 |       |    13 |     2 ||    25
  Use: Scroll            |       |     5 |     3 |    24 |     1 ||    33
       Potion            |       |       |     2 |     5 |     1 ||     8
 Stab: Sleeping          |       |       |       |     2 |     1 ||     3
  Eat: Chunk             |     2 |     4 |     9 |     6 |       ||    21
       Beef jerky        |       |     1 |     1 |     2 |       ||     4
       Fruit             |       |       |     2 |     4 |       ||     6
       Pizza             |       |       |       |     3 |       ||     3
       Meat ration       |       |       |       |     2 |       ||     2
